 Dungeon Crawl Stone Soup version 0.31-a0-185-g9dded2c639 (webtiles) character file.

Game seed: 595209851115521677

99 qw the Shooter (level 4, -5/25 HPs)
             Began as a Deep Elf Hunter on June 22, 2023.
             Slain by Eustachio
             ... wielding a +2 falchion of holy wrath
              (7 damage)
             ... on level 4 of the Dungeon.
             The game lasted 00:00:46 (2353 turns).

qw the Shooter (Deep Elf Hunter)                    Turns: 2353, Time: 00:00:47

Health: -5/25      AC:  4    Str: 10    XL:     4   Next: 45%
Magic:  6/6        EV: 17    Int: 14    God:
Gold:   128        SH:  0    Dex: 18    Spells: 3/3 levels left

rFire   . . .        Y - +0 shortbow
rCold   . . .        (shield currently unavailable)
rNeg    . . .        c - +0 leather armour
rPois   .            (no helmet)
rElec   .            (no cloak)
rCorr   .            a - +0 pair of gloves
SInv    .            (no boots)
Will    +....        (no amulet)
Stlth   ++           i - +5 ring of evasion
HPRegen 0.24/turn    j - ring of willpower
MPRegen 0.10/turn

%: no passive effects
@: no status effects
A: no striking features
a: no special abilities


You were on level 4 of the Dungeon.
You visited 1 branch of the dungeon, and saw 4 of its levels.

You collected 128 gold pieces.


   Skills:
 - Level 1.5 Fighting
 + Level 7.9 Ranged Weapons
 - Level 2.4 Dodging
 - Level 1.2 Stealth


You had 3 spell levels left.
You didn't know any spells.
Your spell library was empty.

Inventory:

Hand Weapons
 Y - a +0 shortbow (weapon)
Armour
 a - a +0 pair of gloves (worn)
 c - a +0 leather armour (worn)
 d - a +0 pair of boots
 l - a +0 ring mail
Jewellery
 i - a +5 ring of evasion (left hand)
 j - a ring of willpower (right hand)
Scrolls
 e - a scroll of identify
 m - a scroll of teleportation {unknown}
Potions
 b - a potion of haste
 f - a potion of berserk rage {unknown}
 g - a potion of might {unknown}
 h - a potion of degeneration {unknown}
 k - a potion of attraction {unknown}

Dungeon Overview and Level Annotations

Branches:
Dungeon (4/15)
 Temple: D:4-7

Altars:
Elyvilon
Qazlal
Ru

Annotations:
D:4 Eustachio


Message History

The white imp gestures at you. The puff of frost hits you.
2341 ||| Stepping ~*~*~tactically~*~*~ (outnumbered).
Enter note:
2342 ||| Stepping ~*~*~tactically~*~*~ (outnumbered).
Enter note: You start resting.
There are monsters nearby!
You shoot an arrow. The arrow barely misses Eustachio.
Eustachio hits you with a +2 falchion of holy wrath.
You shoot an arrow. The arrow barely misses Eustachio.
Eustachio hits you with a +2 falchion of holy wrath.
You shoot an arrow. The arrow barely misses Eustachio.
Eustachio closely misses you.
You shoot an arrow. The arrow hits Eustachio.
Eustachio is moderately wounded.
The white imp gestures at you. The puff of frost misses you.
Eustachio closely misses you.
You shoot an arrow. The arrow hits Eustachio!
Eustachio is heavily wounded.
The white imp misses you.
Eustachio hits you with a +2 falchion of holy wrath.
You shoot an arrow.
The arrow hits Eustachio but does no damage.
Eustachio is heavily wounded.
The white imp closely misses you. Eustachio closely misses you.
You shoot an arrow. The arrow closely misses Eustachio.
The white imp closely misses you.
Eustachio hits you with a +2 falchion of holy wrath.
You shoot an arrow. The arrow closely misses Eustachio.
The white imp hits you. The white imp freezes you. The shadow imp misses you.
Eustachio casts a spell.
You shoot an arrow. The arrow barely misses Eustachio.
The white imp disappears in a puff of smoke!
The shadow imp disappears in a puff of smoke!
Eustachio closely misses you.
You shoot an arrow. The arrow hits Eustachio!
Eustachio is severely wounded.
Eustachio hits you with a +2 falchion of holy wrath!
You die...

.#......##....
............. #.......5..
#.......5. #......@. .#
#....... .# #....5.#####.#
#....5@#.....#
#.....5@.#...#
#.....ยค..#.#.######.####
....####..................
##. ##......########### #
#####..............
#.####..########.##
#.......#### #.#
#.#........# ##.##
#........####..#.


You could see Eustachio, a quasit (summoned), a crimson imp (summoned) and an
ufetubus (summoned).

Vanquished Creatures
  3 adders (D:2)
  3 worms (D:2)
  3 dart slugs
  3 bats
  5 endoplasms
  4 giant cockroaches
  6 goblins
  7 hobgoblins
  3 quokkas (D:1)
  6 ball pythons
  A frilled lizard (D:2)
  6 kobolds
  4 rats
54 creatures vanquished.

Notes
Turn   | Place    | Note
-------+----------+-------------------------------------------
     0 | D:1      | qw the Deep Elf Hunter began the quest for the Orb.
     0 | D:1      | Reached XP level 1. HP: 12/12 MP: 3/3
     0 | D:1      | 0 ||| qw: Version: 0.3-a-9-g12657ce
     0 | D:1      | 0 ||| qw: Game counter: 1696
     0 | D:1      | 0 ||| qw: Always use a shield: true
     0 | D:1      | 0 ||| qw: God list: Okawaru
     0 | D:1      | 0 ||| qw: Allow faded altars: false
     0 | D:1      | 0 ||| qw: Do Orc after D:15 true
     0 | D:1      | 0 ||| qw: Do second Lair branch before Depths: true
     0 | D:1      | 0 ||| qw: Lair rune preference: random
     0 | D:1      | 0 ||| qw: Plans: Normal
     0 | D:1      | 0 ||| PLANNING D:1-11
   109 | D:1      | Reached XP level 2. HP: 16/16 MP: 4/4
   129 | D:1      | Reached skill level 6 in Ranged Weapons
   133 | D:1      | Found a faded altar of an unknown god.
   551 | D:1      | Reached XP level 3. HP: 20/20 MP: 5/5
   880 | D:1      | 880 ||| READING scroll labelled IDAJIG TEITTU.
   981 | D:1      | 981 ||| READING 2 scrolls labelled TEIRIT RATH.
   982 | D:1      | 982 ||| DROPPING scroll of butterflies.
  1151 | D:2      | Reached skill level 7 in Ranged Weapons
  1304 | D:2      | Reached XP level 4. HP: 25/25 MP: 6/6
  1673 | D:2      | 1673 ||| UPGRADING to +5 ring of evasion.
  1674 | D:2      | 1674 ||| UPGRADING to ring of willpower.
  1675 | D:2      | 1675 ||| READING scroll labelled AWEBOT PUKA.
  1676 | D:2      | 1676 ||| READING 2 scrolls labelled MOAPTAOTIS.
  1677 | D:2      | 1677 ||| READING 2 scrolls of identify.
  1677 | D:2      | 1677 ||| IDENTIFYING bubbling pink potion
  1678 | D:2      | 1678 ||| DROPPING scroll of fear.
  1891 | D:3      | Found a white marble altar of Elyvilon.
  1891 | D:3      | Found a stormy altar of Qazlal.
  2183 | D:3      | 2183 ||| UPGRADING to +0 pair of gloves.
  2220 | D:4      | Found a sacrificial altar of Ru.
  2333 | D:4      | Noticed Eustachio
  2341 | D:4      | 2341 ||| Stepping ~*~*~tactically~*~*~ (outnumbered).
  2342 | D:4      | 2342 ||| Stepping ~*~*~tactically~*~*~ (outnumbered).
  2350 | D:4      | HP: 4/25 [Eustachio/+2 falchion of holy wrath (4)]
  2351 | D:4      | HP: 1/25 [white imp[Eustachio] (2)]
  2353 | D:4      | Slain by Eustachio

Levels and vault maps discovered:
D:1:      kennysheep_arrival_seaside, layout_basic,
          hellmonk_ecumenical_altar_pennies_from_heaven
D:2:      layout_basic, minmay_tiny_reverse_x
D:3:      layout_basic, mainiacjoe_overflow_large_starburst
D:4:      layout_basic, nicolae_ru_awakened_eye, uniq_eustachio

Skill      XL: |  1  2  3 |
---------------+----------+-----
Ranged Weapons | 6 7 |  7.9
Fighting       | |  1.5
Dodging        | |  2.4
Stealth        | |  1.2

Action                     |  1- 3 |  4- 6 || total
---------------------------+-------+-------++-------
   Fire: Shortbow          |   104 |    72 ||   176
    Use: Scroll            |     2 |     3 ||     5
 Armour: Leather armour    |     4 |     2 ||     6
  Dodge: Dodged            |    13 |    20 ||    33

Table legend:
 A = Non-vault XP
 B = Vault XP
 C = Vault XP percentage of total XP
 D = Non-vault monster count
 E = Vault monster count
 F = Vault count percentage of total count
                 A         B        C        D         E       F
            +---------+---------+-------+---------+---------+-------
      Total |     136 |       6 |   4.2 |      52 |       2 |   3.7
            +---------+---------+-------+---------+---------+-------
        D:1 |      43 |       0 |   0.0 |      22 |       0 |   0.0
        D:2 |      77 |       6 |   7.2 |      20 |       2 |   9.1
        D:3 |      11 |       0 |   0.0 |       7 |       0 |   0.0
        D:4 |       5 |       0 |   0.0 |       3 |       0 |   0.0
            +---------+---------+-------+---------+---------+-------
